 Dungeon Crawl Stone Soup version 0.23-a0-8-gb809bb7 (webtiles) character file.

4664 prawnwizard the Destroyer (level 10, -13/59 HPs)
             Began as a Deep Elf Conjurer on Aug 1, 2018.
             Was a Believer of Kikubaaqudgha.
             Mangled by an orc warrior
             ... wielding a +0 long sword
              (15 damage)
             ... on level 8 of the Dungeon.
             The game lasted 00:26:48 (10652 turns).

prawnwizard the Destroyer (Deep Elf Conjurer)      Turns: 10652, Time: 00:26:49

Health: -13/59     AC:  0    Str:  5    XL:     10   Next: 20%
Magic:  13/25      EV: 13    Int: 29    God:    Kikubaaqudgha [**....]
Gold:   415        SH:  0    Dex: 15    Spells: 19/27 levels left

rFire    + . .     SeeInvis .   f - +3 spear (venom)
rCold    + . .     Gourm    .   (no shield)
rNeg     . . .     Faith    .   w - +0 robe
rPois    .         Spirit   .   (no helmet)
rElec    .         Reflect  .   h - scarf {rC+ rF+}
rCorr    .         Harm     .   (no gloves)
MR       +....                  k - +1 pair of boots
Stlth    ++........             (no amulet)
HPRegen  0.19/turn              l - +3 ring of intelligence
MPRegen  0.19/turn              r - +2 ring of intelligence

@: corroded
A: no striking features
a: Receive Corpses, Renounce Religion


You were on level 8 of the Dungeon.
You worshipped Kikubaaqudgha.
Kikubaaqudgha was pleased with you.
You were not hungry.

You visited 1 branch of the dungeon, and saw 8 of its levels.

You collected 415 gold pieces.

Inventory:

Hand Weapons
 e - a +1 mace of protection
 f - a +3 spear of venom (weapon)
 q - a +0 hunting sling
Missiles
 d - 199 stones (quivered)
Armour
 h - a scarf of resistance (worn)
 k - a +1 pair of boots (worn)
 w - a +0 robe (worn)
Magical Staves
 B - an uncursed staff of cold
Jewellery
 l - a +3 ring of intelligence (left hand)
 r - a +2 ring of intelligence (right hand)
 s - an uncursed ring of protection from magic {unknown}
 v - an uncursed ring of fire
Wands
 g - a wand of paralysis (14)
 p - a wand of enslavement (8)
 z - a wand of acid (6)
 E - a wand of polymorph (8)
Scrolls
 a - 2 scrolls of enchant armour
 b - 3 scrolls of identify
 o - a scroll of fear
 y - a scroll of enchant weapon
 A - a scroll of remove curse
 F - a scroll of teleportation
Potions
 i - 2 potions of degeneration {unknown}
 j - 2 potions of might
 m - 3 potions of brilliance
 n - 3 potions of resistance
 t - 3 potions of curing
 u - a potion of agility
 x - a potion of cancellation {unknown}
 C - a potion of lignification {unknown}
Comestibles
 c - 5 rations
 D - 5 chunks of flesh


   Skills:
 + Level 5.5 Fighting
 - Level 2.4 Dodging
 - Level 2.4 Stealth
 + Level 9.4 Spellcasting
 * Level 11.3 Conjurations
 - Level 2.2 Hexes
 + Level 6.8 Necromancy


You had 19 spell levels left.
You knew the following spells:

 Your Spells              Type           Power        Failure   Level  Hunger
a - Magic Dart            Conj           ####         1%          1    None
b - Fulminant Prism       Conj/Hex       ######....   2%          4    None
c - Regeneration          Chrm/Necr      ####......   3%          3    None

Your spell library contained the following spells:

 Spells                   Type           Power        Failure   Level  Hunger
 Iskenderun's Mystic Bla  Conj           ######..     1%          4    None
 Pain                     Necr           ####         1%          1    None
 Animate Skeleton         Necr           N/A          1%          1    None
 Sublimation of Blood     Necr           ######....   1%          2    None
 Dazzling Spray           Conj/Hex       ######       1%          3    None
 Force Lance              Conj/Tloc      #####...     3%          4    None
 Searing Ray              Conj           ######       1%          2    None


Dungeon Overview and Level Annotations

Branches:
Dungeon (8/15)             Temple (0/1) D:5
   Lair: D:8-11

Altars:
Cheibriados
Fedhas
Gozag
Hepliaklqana
Kikubaaqudgha
Qazlal
Vehumet
Wu Jian
Zin

Shops:
D:6 :

Annotations:
D:7 1 runed door, popps's ghost, novice GrFi


Message History

Press: ? - help, Shift-Dir - straight line, f - orc warrior
Aim: an orc warrior, wielding a long sword and wearing a plate armour (severely wounded)
The magic dart hits the orc warrior.
The orc warrior is severely wounded.
Casting: Magic Dart (safe; 1% risk of failure)
Confirm with . or Enter, or press ? or * to list all spells.
Aiming: Magic Dart (safe; 1% risk of failure)
Press: ? - help, Shift-Dir - straight line, f/p - orc warrior
Aim: an orc warrior, wielding a long sword and wearing a plate armour (severely wounded)
The magic dart hits the orc warrior.
The orc warrior is severely wounded.
The orc warrior hits you with a long sword!!
* * * LOW HITPOINT WARNING * * *
Aiming: Paralyse
Press: ? - help, Shift-Dir - straight line, f/p - orc warrior
Aim: an orc warrior, wielding a long sword and wearing a plate armour (severely wounded, chance to defeat MR: 46%)
Okay, then.
The orc warrior hits you with a long sword!
You die...
Kikubaaqudgha rasps: "You have failed me!
Welcome... death!"

#### %%#...# #..#
#.#...# #..#
).#[..##
#..####'#.#...
#..[....[...#.
#####......(....#.
#.....p.).........
#o###..(./).....#.
#@#####))##.......
#[##...).###......
#.##.##.## ###.##.
#.##.##.# ###)##)
#..)...(# ##...<(#
####รท..(###....).#
#..#(.#..#..).#
#.###...###...#
#..#..#..#....#


You could see an orc warrior.

Vanquished Creatures
  Pikel (D:8)
  A troll (D:7)
  A hippogriff (D:7)
  Grinder (D:3)
  The ghost of Ousak the Insei, an amateur OpTm (D:4)
  A spriggan (D:8)
  A wyvern (D:7)
  A hungry ghost (D:8)
  Menkaure (D:5)
  An orc warrior (D:8)
  2 sky beasts (D:7)
  An ice beast (D:4)
  A black bear (D:7)
  3 centaurs
  5 ogres
  A big kobold (D:7)
  4 bullfrogs (D:7)
  3 scorpions
  10 wights (D:7)
  5 hounds
  4 orc priests
  Crazy Yiuf (D:2)
  A jelly (D:7)
  A bullfrog skeleton (D:5)
  3 iguanas
  3 worker ants
  5 orc wizards
  A killer bee zombie (D:5)
  A bullfrog simulacrum (D:4)
  A hound zombie (D:5)
  3 hound skeletons
  A worker ant zombie (D:5)
  3 gnolls (D:7)
  6 adders
  A hound simulacrum (D:4)
  A shadow imp (D:6)
  A white imp (D:4)
  2 oozes
  2 worms
  A dart slug (D:2)
  5 leopard geckos
  22 orcs
  A ball python (D:7)
  7 giant cockroaches
  11 goblins
  9 hobgoblins
  11 jackals
  6 quokkas
  3 bats
  6 frilled lizards
  A jackal simulacrum (D:4)
  A jackal skeleton (D:5)
  9 kobolds
  A leopard gecko simulacrum (D:7)
  A leopard gecko skeleton (D:4)
  12 rats
193 creatures vanquished.

Vanquished Creatures (others)
  3 slaves (D:8)
  An orc (D:8)
  3 jackals (D:8)
  50 fulminant prisms
57 creatures vanquished.

Grand Total: 250 creatures vanquished

Notes
Turn   | Place    | Note
-------+----------+-------------------------------------------
     0 | D:1      | prawnwizard the Deep Elf Conjurer began the quest for the Orb.
     0 | D:1      | Reached XP level 1. HP: 10/10 MP: 6/6
   156 | D:1      | Reached XP level 2. HP: 10/16 MP: 6/8
   529 | D:1      | Reached skill level 5 in Conjurations
   529 | D:1      | Reached XP level 3. HP: 20/20 MP: 5/10
   806 | D:2      | Reached skill level 1 in Fighting
  1089 | D:2      | Reached XP level 4. HP: 25/25 MP: 6/11
  1270 | D:2      | Found a runed door.
  1470 | D:2      | Found a glowing silver altar of Zin.
  1471 | D:2      | Found an opulent altar of Gozag.
  1653 | D:2      | Learned a level 4 spell: Fulminant Prism
  1653 | D:2      | Noticed Crazy Yiuf
  1684 | D:2      | Killed Crazy Yiuf
  2169 | D:3      | Found a radiant altar of Vehumet.
  2187 | D:3      | Reached XP level 5. HP: 30/30 MP: 3/13
  2535 | D:3      | Noticed Grinder
  2545 | D:3      | Paralysed by Grinder for 4 turns
  2551 | D:3      | Killed Grinder
  2551 | D:3      | Reached skill level 5 in Spellcasting
  2551 | D:3      | Reached skill level 6 in Conjurations
  2551 | D:3      | Reached XP level 6. HP: 7/35 MP: 3/15
  3486 | D:4      | Found an ancient bone altar of Kikubaaqudgha.
  3490 | D:4      | Reached skill level 7 in Conjurations
  3553 | D:4      | Became a worshipper of Kikubaaqudgha
  3605 | D:4      | Found a runed gate.
  3605 | D:4      | Found a runed gate.
  3605 | D:4      | Found a runed gate.
  3606 | D:4      | Noticed Ousak's ghost (amateur OpTm)
  3769 | D:4      | Reached XP level 7. HP: 20/40 MP: 7/17
  4160 | D:4      | Reached skill level 1 in Necromancy
  4665 | D:4      | Killed Ousak's ghost
  4971 | D:5      | Entered Level 5 of the Dungeon
  5020 | D:5      | Reached skill level 8 in Conjurations
  5158 | D:5      | Reached XP level 8. HP: 29/46 MP: 9/19
  5783 | D:5      | Found a staircase to the Ecumenical Temple.
  5849 | D:5      | Noticed Menkaure
  5855 | D:5      | Killed Menkaure
  6433 | D:6      | Found Esusoac's Book Shop.
  6556 | D:6      | Found a blossoming altar of Fedhas.
  6557 | D:6      | Found a stormy altar of Qazlal.
  6623 | D:6      | Found an ornate altar of the Wu Jian Council.
  6732 | D:6      | Found a hazy altar of Hepliaklqana.
  6779 | D:6      | Found a snail-covered altar of Cheibriados.
  7353 | D:6      | Reached skill level 9 in Conjurations
  7549 | D:7      | Noticed a hippogriff
  7566 | D:7      | Killed a hippogriff
  7742 | D:7      | Reached * piety under Kikubaaqudgha
  7742 | D:7      | Identified Kikubaaqudgha's Incunabulum of Evil (Kikubaaqudgha gifted it to you on level 7 of the Dungeon)
  7742 | D:7      | Received a gift from Kikubaaqudgha
  7742 | D:7      | Reached XP level 9. HP: 38/52 MP: 10/22
  8152 | D:7      | Learned a level 3 spell: Regeneration
  8470 | D:7      | Reached skill level 5 in Necromancy
  8490 | D:7      | Reached skill level 10 in Conjurations
  8780 | D:7      | Found a runed door.
  8807 | D:7      | Noticed popps's ghost (novice GrFi)
  8944 | D:7      | Noticed a troll
  9369 | D:7      | Killed a troll
  9369 | D:7      | Reached skill level 5 in Fighting
  9574 | D:7      | Reached ** piety under Kikubaaqudgha
  9981 | D:8      | Reached skill level 11 in Conjurations
  9989 | D:8      | Reached XP level 10. HP: 51/59 MP: 14/25
  9990 | D:8      | Noticed Pikel
  9999 | D:8      | Killed Pikel
 10647 | D:8      | HP: 1/59 [orc warrior/long sword (27)]
 10652 | D:8      | Mangled by an orc warrior

Vault maps used:
D:1:      dpeg_arrival_leaves_temple_mockup
D:2:      grunt_temple_overflow_gold_and_silver, first_ration,
          uniq_crazy_yiuf_cottage
D:3:      vehumet_crystals, uniq_grinder
D:4:      kiku_gazebo_pond_becter, gammafunk_ghost_icy, grunt_tough_drop
D:5:      minmay_temple_entry_butterflies, minmay_small_thing, uniq_menkaure
D:6:      grunt_temple_overflow_forces_of_nature,
          nicolae_overflow_hidden_temple, lemuel_crystal_altar,
          lemuel_round_altar, serial_shops, shop_statue
D:7:      gammafunk_ghost_grave
D:8:      serial_glass, glass_columns_a, glass_columns_a,
          minmay_strange_pillars, the_bakery, uniq_pikel

Skill      XL: |  1  2  3  4  5  6  7  8  9 |
---------------+----------------------------+-----
Conjurations   | 5 6 7 8 9 11 | 11.3
Fighting       | 1 2 3 4 5 |  5.5
Spellcasting   | 4 5 6 7 9 |  9.4
Hexes          | 2 |  2.2
Necromancy     | 2 4 6 |  6.8
Dodging        | |  2.4
Stealth        | |  2.4

Action                   |  1- 3 |  4- 6 |  7- 9 | 10-12 || total
-------------------------+-------+-------+-------+-------++-------
Melee: Unarmed           |     7 |       |       |       ||     7
       Spear             |       |    32 |    88 |    17 ||   137
 Cast: Magic Dart        |    68 |   100 |   186 |    33 ||   387
       Fulminant Prism   |       |     2 |    42 |     6 ||    50
Evoke: Wand              |       |     1 |       |       ||     1
  Use: Scroll            |       |     8 |     8 |       ||    16
 Stab: Sleeping          |       |     1 |     1 |       ||     2
       Distracted        |       |     1 |       |       ||     1
  Eat: Chunk             |       |     5 |    14 |       ||    19
       Ration            |       |     1 |     2 |     2 ||     5
Armor: Robe              |     1 |     6 |    11 |     4 ||    22
Dodge: Dodged            |     9 |    20 |    77 |    16 ||   122

Table legend:
 A = Spawn XP
 B = Non-spawn XP
 C = Spawn XP percentage of total XP
 D = Spawn monster count
 E = Non-spawn monster count
 F = Spawn count percentage of total count
 G = Total turns spent on level
                    A         B        C        D         E        F      G
               +---------+---------+-------+---------+---------+-------+---------
         Total |       0 |    6664 |   0.0 |       0 |     193 |   0.0 | 10652
               +---------+---------+-------+---------+---------+-------+---------
           D:1 |       0 |      48 |   0.0 |       0 |      27 |   0.0 |   920
           D:2 |       0 |     113 |   0.0 |       0 |      25 |   0.0 |  1001
           D:3 |       0 |     338 |   0.0 |       0 |      17 |   0.0 |  1421
           D:4 |       0 |     758 |   0.0 |       0 |      28 |   0.0 |  1653
           D:5 |       0 |     727 |   0.0 |       0 |      16 |   0.0 |  1378
           D:6 |       0 |     322 |   0.0 |       0 |      10 |   0.0 |  1365
           D:7 |       0 |    2747 |   0.0 |       0 |      48 |   0.0 |  2317
           D:8 |       0 |    1611 |   0.0 |       0 |      22 |   0.0 |   597
               +---------+---------+-------+---------+---------+-------+---------
